 Dungeon Crawl Stone Soup version 0.20.0-6-gd3061e9 (webtiles) character file.

355 greprep the Shield-Bearer (level 6, -11/53 HPs)
             Began as a Minotaur Fighter on May 28, 2017.
             Was a Follower of Qazlal.
             Mangled by Pikel
             ... wielding a +2 whip of electrocution
              (19 damage)
             ... on level 4 of the Dungeon.
             The game lasted 00:06:41 (2702 turns).

greprep the Shield-Bearer (Minotaur Fighter)        Turns: 2702, Time: 00:06:41

Health: -11/53     AC:  9    Str: 22    XL:     6   Next: 36%
Magic:  5/5        EV:  8    Int:  5    God:    Qazlal [*.....]
Gold:   99         SH: 11    Dex: 10    Spells: 5/5 levels left

rFire    . . .     SeeInvis .   a - +0 long sword
rCold    . . .     Gourm    .   c - +0 shield
rNeg     . . .     Faith    .   b - +0 scale mail
rPois    +         Spirit   .   (helmet restricted)
rElec    .         Reflect  .   e - +0 cloak
rCorr    +         Harm     .   (no gloves)
MR       .....                  o - +0 pair of boots
Stlth    ..........             (no amulet)
Regen    0.2/turn               t - ring of resist corrosion
MPRegen  0.1/turn               w - ring of poison resistance

@: no status effects
A: retaliatory headbutt, horns 2
a: Renounce Religion


You were on level 4 of the Dungeon.
You worshipped Qazlal.
Qazlal was aware of your devotion.
You were very hungry.

You visited 1 branch of the dungeon, and saw 4 of its levels.

You collected 99 gold pieces.

Inventory:

Hand Weapons
 a - a +0 long sword (weapon)
Armour
 b - a +0 scale mail (worn)
 c - a +0 shield (worn)
 e - a +0 cloak (worn)
 o - a +0 pair of boots (worn)
Jewellery
 k - an uncursed ring of see invisible
 s - an uncursed ring of flight
 t - a ring of resist corrosion (left hand)
 w - a ring of poison resistance (right hand)
Scrolls
 h - 9 scrolls of identify {unknown}
 j - a scroll of enchant armour {unknown}
 l - 2 scrolls of teleportation {unknown}
 m - a scroll of immolation {unknown}
 p - 2 scrolls of blinking {unknown}
 r - a scroll of remove curse {unknown}
Potions
 d - 2 potions of might
 g - a potion of resistance {unknown}
 i - 2 potions of brilliance {unknown}
 q - 3 potions of curing {unknown}
 v - 2 potions of lignification {unknown}
 x - 2 potions of flight {unknown}
Comestibles
 f - 3 bread rations
 n - 2 meat rations
 u - 2 royal jellies


   Skills:
 * Level 4.6 Fighting
 + Level 4.7 Long Blades
 * Level 5.1 Armour
 * Level 2.1 Dodging
 * Level 5.3 Shields


You had 5 spell levels left.
You didn't know any spells.

Dungeon Overview and Level Annotations

Branches:
Dungeon (4/15)
 Temple: D:4-7

Altars:
Fedhas
Hepliaklqana
Qazlal
Xom

Annotations:
D:4 2 transporters, Pikel


Innate Abilities, Weirdness & Mutations

You reflexively headbutt those who attack you in melee.
You have a pair of horns on your head.


Message History

The slave hits you but does no damage.
You hit Pikel. You headbutt Pikel, but do no damage.
Pikel is lightly wounded.
You block the slave's attack. Pikel hits you but does no damage.
You are electrocuted!
The slave hits you but does no damage.
You hit Pikel but do no damage. Your headbutt misses Pikel.
Pikel is lightly wounded.
The slave hits you but does no damage. Pikel waves a pair of manacles at you.
Pikel hits you but does no damage.
You are electrocuted!
The slave hits you but does no damage. x2
Pikel hits you with a whip of electrocution.
You are electrocuted!
* * * LOW HITPOINT WARNING * * *
You block Pikel's attack.
Found 9 gold pieces.
Found a hazy altar of Hepliaklqana.
Pikel hits you with a whip of electrocution.
* * * LOW HITPOINT WARNING * * *
You are electrocuted!
You die...

.. ##..##8.._
#...#.$?[$
....#.......
#.#.#.........#.
#.#.#©........#. ####
#.#.#.........#.#
..>..#@#.#yY.......#..
#..Kpp#cS.......#..
#.$#.p##8.....8##.#
#.###..#########..# #.
#.p..?.!©.....#
####....#####....####
.....#########.#.#
#.## ##...p....# #.#
##.#.####### ###


You could see Pikel, 4 slaves, a centaur and an adder.

Vanquished Creatures
  A phantom (D:4)
  A big kobold (D:3)
  An orc wizard (D:3)
  Jessica (D:3)
  4 adders
  3 worms
  11 dart slugs
  2 leopard geckos
  3 orcs (D:3)
  3 giant cockroaches
  6 goblins
  11 hobgoblins
  13 kobolds
  3 quokkas
  3 bats
  3 frilled lizards
  7 rats
76 creatures vanquished.

Notes
Turn   | Place    | Note
-------+----------+-------------------------------------------
     0 | D:1      | greprep the Minotaur Fighter began the quest for the Orb.
     0 | D:1      | Reached XP level 1. HP: 19/19 MP: 0/0
   207 | D:1      | Reached XP level 2. HP: 27/27 MP: 1/1
   730 | D:1      | Reached XP level 3. HP: 33/33 MP: 2/2
  1019 | D:2      | Found a shimmering altar of Xom.
  1215 | D:2      | Found a blossoming altar of Fedhas.
  1245 | D:2      | Found a stormy altar of Qazlal.
  1271 | D:2      | Became a worshipper of Qazlal Stormbringer
  1633 | D:3      | Noticed a big kobold
  1651 | D:3      | Killed a big kobold
  1651 | D:3      | Reached skill level 1 in Dodging
  1651 | D:3      | Reached XP level 4. HP: 28/40 MP: 3/3
  1751 | D:3      | Reached XP level 5. HP: 44/46 MP: 4/4
  1919 | D:3      | Reached skill level 5 in Shields
  2064 | D:3      | Reached skill level 5 in Armour
  2311 | D:3      | Noticed Jessica
  2315 | D:3      | Killed Jessica
  2315 | D:3      | Reached * piety under Qazlal
  2462 | D:4      | Reached XP level 6. HP: 53/53 MP: 5/5
  2675 | D:4      | Noticed a slave
  2688 | D:4      | Found a transporter.
  2690 | D:4      | Found a transporter.
  2690 | D:4      | Noticed a hornet
  2691 | D:4      | Noticed a slave
  2692 | D:4      | Noticed a slave
  2693 | D:4      | Noticed a sky beast
  2693 | D:4      | Noticed a slave
  2698 | D:4      | Noticed Pikel
  2701 | D:4      | Found a hazy altar of Hepliaklqana.
  2702 | D:4      | Mangled by Pikel

Skill      XL: |  1  2  3  4  5  6 |
---------------+-------------------+-----
Armour         | 4 5 |  5.1
Shields        | 4 5 |  5.3
Fighting       | 4 |  4.6
Long Blades    | 3 4 |  4.7
Dodging        | 1 2 |  2.1

Action                   |  1- 3 |  4- 6 || total
-------------------------+-------+-------++-------
Melee: Long sword        |   127 |    98 ||   225
       Headbutt          |    22 |    17 ||    39
  Eat: Chunk             |     2 |     3 ||     5
Armor: Scale mail        |    56 |    49 ||   105
Dodge: Dodged            |    30 |    21 ||    51
Block: Shield            |    66 |    54 ||   120
       Rpst.: Long sword |     7 |     6 ||    13
